 Dungeon Crawl Stone Soup version 0.23.2-40-g277498a (webtiles) character file.

Game seed: 14745448530495581471

5509 CrazyJ the Summoner (level 10, -5/74 HPs)
             Began as a Black Draconian Summoner on Sept 15, 2019.
             Was a Believer of Hepliaklqana.
             Killed from afar by a guardian golem (46 damage)
             ... with an exploding inner flame
             ... summoned by the player character
             ... hexed by INVALID YOU_FAULTLESS
             ... on level 11 of the Dungeon on Sept 16, 2019.
             The game lasted 01:31:12 (12826 turns).

CrazyJ the Summoner (Black Draconian Summoner)     Turns: 12826, Time: 01:31:13

Health: -5/74      AC: 11    Str: 10    XL:     10   Next: 43%
Magic:  8/18       EV: 15    Int: 18    God:    Hepliaklqana [**....]
Gold:   399        SH:  3    Dex: 13    Spells: 2/19 levels left

rFire    . . .     SeeInvis .   C - +1 halberd
rCold    . . .     Gourm    .   (shield currently unavailable)
rNeg     . . .     Faith    .   (armour unavailable)
rPois    .         Spirit   .   r - +2 hat
rElec    +         Reflect  +   a - +0 cloak
rCorr    +         Harm     .   (no gloves)
MR       .....                  F - +0 pair of boots
Stlth    ++........             B - +3 amulet of reflection
HPRegen  0.22/turn              p - ring of protection from magic
MPRegen  0.16/turn              O - ring of resist corrosion

@: about to teleport, vulnerable
A: breathe lightning, unfitting armour, reduced essence, electricity resistance,
cold-blooded, AC +7
a: Breathe Lightning, Recall Ancestor, Ancestor Identity, Renounce Religion


You were on level 11 of the Dungeon.
You worshipped Hepliaklqana.
Hepliaklqana was pleased with you.
You were hungry.

You visited 2 branches of the dungeon, and saw 12 of its levels.

You collected 571 gold pieces.
You spent 172 gold pieces at shops.

Inventory:

Hand Weapons
 c - a +0 dagger
 f - a +0 hunting sling
 u - a +0 spear
 C - a +1 halberd (weapon)
 U - a +1 shortbow of flaming
Missiles
 e - 59 poisoned needles
 h - 316 stones (quivered)
 k - 39 arrows
Armour
 a - a +0 cloak (worn)
 r - a +2 hat (worn)
 F - a +0 pair of boots (worn)
 N - a +0 shield
Jewellery
 p - a ring of protection from magic (left hand)
 A - an uncursed ring of stealth
 B - a +3 amulet of reflection (around neck)
 O - a ring of resist corrosion (right hand)
 T - an uncursed ring of ice
Wands
 I - a wand of flame (15)
 K - a wand of enslavement (8)
 M - a wand of random effects (12)
 Q - a wand of digging (6)
Scrolls
 d - 7 scrolls of identify
 g - 7 scrolls of remove curse
 i - a scroll of fog
 l - 2 scrolls of teleportation
 m - a scroll of fear {unknown}
 n - a scroll of enchant weapon
 w - 2 scrolls of magic mapping {unknown}
 x - a scroll of amnesia {unknown}
 y - a scroll of immolation {unknown}
 z - a scroll of vulnerability
 E - a scroll of acquirement {unknown}
 S - a scroll of blinking
Potions
 j - a potion of invisibility {unknown}
 o - a potion of cancellation {unknown}
 q - 3 potions of lignification
 s - a potion of ambrosia {unknown}
 t - 5 potions of curing
 v - 2 potions of heal wounds {unknown}
 D - a potion of haste {unknown}
 G - 2 potions of agility
 H - a potion of magic
 J - a potion of flight {unknown}
 L - a potion of might
 P - 2 potions of brilliance {unknown}
Comestibles
 b - 16 rations


   Skills:
 + Level 5.9 Fighting
 + Level 4.8 Polearms
 + Level 5.6 Dodging
 - Level 1.7 Stealth
 + Level 5.4 Spellcasting
 - Level 3.3 Hexes
 + Level 9.1 Summonings
 * Level 5.3 Ice Magic
 + Level 3.5 Air Magic
 + Level 0.1 Invocations


You had 2 spell levels left.
You knew the following spells:

 Your Spells              Type           Power        Failure   Level  Hunger
a - Summon Small Mammal   Summ           ####         1%          1    None
b - Call Imp              Summ           #####...     1%          2    #......
c - Call Canine Familiar  Summ           #####...     1%          3    ##.....
d - Summon Guardian Gole  Hex/Summ       ####....     3%          3    ##.....
e - Summon Ice Beast      Ice/Summ       ####....     6%          4    ####...
f - Summon Lightning Spi  Summ/Air       ####....     10%         4    ####...

Your spell library contained the following spells:

 Spells                   Type           Power        Failure   Level  Hunger
 Animate Skeleton         Necr           N/A          13%         1    None
 Pain                     Necr           #...         13%         1    None
 Sting                    Conj/Pois      #...         13%         1    None
 Static Discharge         Conj/Air       ##......     19%         3    ##.....
 Regeneration             Chrm/Necr      #.........   36%         3    ##.....
 Vampiric Draining        Necr           #.........   36%         3    ##.....
 Throw Icicle             Conj/Ice       ##......     38%         4    ####...
 Animate Dead             Necr           N/A          77%         4    ####...
 Lightning Bolt           Conj/Air       ##........   86%         5    ######.
 Venom Bolt               Conj/Pois      #.........   98%         5    ######.
 Bolt of Cold             Conj/Ice       ##........   100%        6    #######
 Ignition                 Fire           #.........   100%        8    #######
 Shatter                  Erth           #.........   100%        9    #######
 Tornado                  Air            ###.......   100%        9    #######


Dungeon Overview and Level Annotations

Branches:
Dungeon (11/15)            Temple (1/1) D:4            Lair (0/6) D:8
    Orc: D:9-12

Altars:
Cheibriados
Dithmenos
Gozag
Hepliaklqana
Nemelex Xobeh
Qazlal
Sif Muna
Trog
Uskayaw
Vehumet
Wu Jian
Yredelemnul
The Shining One

Shops:
D:4 =   D:5 (   D:6 %=?

Annotations:
D:5 3 runed translucent doors, MollyMolluskus's ghost, novice OpFi


Innate Abilities, Weirdness & Mutations

You can breathe wild blasts of lightning.
Your glossy black scales are hard. (AC +7)
You cannot fit into any form of body armour.
You are resistant to electric shocks. (rElec)
You are cold-blooded and may be slowed by cold attacks.
Your life essence is reduced to manifest your ancestor. (-10% HP)


Message History

Attack whom?
Press: ? - help, Dir - move target cursor, f/p - phantasmal warrior
Aim: a phantasmal warrior You reach to attack!
You barely miss the phantasmal warrior.
A death knight comes into view. It is wielding a +0 broad axe.
The phantasmal warrior hits your guardian golem!
Your ice beast hits the phantasmal warrior.
Your ice beast freezes the phantasmal warrior.
The phantasmal warrior resists.
As you read the scroll of teleportation, it crumbles to dust.
You feel strangely unstable.
The death knight hits your ice beast with a +0 broad axe.
Your guardian golem overheats!
Your ice beast hits the death knight but does no damage.
The phantasmal warrior hits your guardian golem!!
Your guardian golem explodes!
The fiery explosion engulfs the phantasmal warrior!!
The fiery explosion engulfs you!!!
Ouch! That really hurt!
You die...

#.. #.## # #..
#.#.. #
#.#.##.# $....
+
###.########p#
#.....RYW§@Y.#
#.#.#######..#
#.#.# ..#
#.#<. ..#
#.#... ..#
#.#.... .#..#
#.#.#### .#..#
#.#.# .#..#
#.#.# .# #+##


You could see the friendly Izel the knight, a death knight, a phantasmal warrior
and 2 friendly ice beasts.

Vanquished Creatures
  Eustachio (D:4)
  2 ice beasts
  2 ogres
  2 centaurs
  3 bullfrogs
  2 scorpions
  4 killer bees
  2 howler monkeys
  4 crimson imps
  3 bullfrog zombies
  2 quasits (D:7)
  3 orc wizards (D:7)
  2 centaur skeletons
  4 iguanas
  Natasha (thrice) (D:4)
  3 worker ants
  A hound skeleton (D:8)
  2 howler monkey zombies (D:6)
  3 worker ant zombies
  3 gnolls
  9 adders
  2 shadow imps
  2 oozes (D:1)
  An adder zombie (D:6)
  5 worms
  2 dart slugs
  2 leopard geckos (D:2)
  18 orcs
  3 bats
  4 giant cockroaches
  10 goblins
  6 hobgoblins
  13 jackals
  3 quokkas
  A ball python zombie (D:6)
  5 frilled lizards
  2 jackal zombies (D:5)
  7 kobolds
  4 rats
150 creatures vanquished.

Vanquished Creatures (collateral kills)
  A two-headed ogre (D:8)
  2 trolls (D:10)
  Prince Ribbit (D:7)
  Sigmund (D:5)
  A hungry ghost (D:7)
  A steam dragon (D:10)
  3 orc warriors (D:10)
  A black bear (D:10)
  5 ogres
  A phantom (D:4)
  4 centaurs
  A crocodile (D:9)
  A bullfrog (D:6)
  10 killer bees
  5 wights (D:7)
  3 hounds
  An orc priest (D:9)
  2 jellies (D:9)
  6 orc wizards
  2 iguanas (D:10)
  4 worker ants
  A killer bee zombie (D:6)
  A howler monkey zombie (D:6)
  9 gnolls
  10 adders
  A shadow imp (D:9)
  2 leopard geckos
  12 orcs
  A ball python (D:4)
  A giant cockroach (D:1)
  4 jackals
  2 frilled lizards (D:4)
  A goblin (D:1)
  A leopard gecko skeleton (D:6)
  A quokka zombie (D:6)
103 creatures vanquished.

Vanquished Creatures (others)
  A two-headed ogre (D:8)
  An orc warrior (D:7)
  An ogre (D:8)
  6 ancestors
  An orc (D:7)
10 creatures vanquished.

Grand Total: 263 creatures vanquished

Notes
Turn   | Place    | Note
-------+----------+-------------------------------------------
     0 | D:1      | CrazyJ the Draconian Summoner began the quest for the Orb.
     0 | D:1      | Reached XP level 1. HP: 14/14 MP: 3/3
   366 | D:1      | Reached XP level 2. HP: 16/22 MP: 5/5
  1139 | D:2      | Reached skill level 1 in Fighting
  1206 | D:2      | Reached XP level 3. HP: 20/28 MP: 6/6
  1213 | D:2      | Learned a level 2 spell: Call Imp
  1217 | D:2      | Learned a level 3 spell: Call Canine Familiar
  1460 | D:2      | Found an opulent altar of Gozag.
  2348 | D:3      | Reached XP level 4. HP: 28/35 MP: 7/7
  2586 | D:3      | Found a stormy altar of Qazlal.
  3129 | D:3      | Reached skill level 5 in Summonings
  3375 | D:4      | Reached XP level 5. HP: 29/41 MP: 6/9
  3410 | D:4      | Noticed Eustachio
  3442 | D:4      | Found Gehin's Jewellery Emporium.
  3459 | D:4      | Bought a +3 amulet of reflection for 172 gold pieces
  3788 | D:4      | Learned a level 3 spell: Summon Guardian Golem
  3887 | D:4      | Noticed Natasha
  3890 | D:4      | Killed Natasha
  3961 | D:4      | Noticed Natasha
  3973 | D:4      | Killed Natasha
  3987 | D:5      | Entered Level 5 of the Dungeon
  4031 | D:5      | Noticed an ogre
  4046 | D:5      | Killed an ogre
  4046 | D:5      | Reached XP level 6. HP: 21/50 MP: 3/10
  4375 | D:5      | Noticed Sigmund
  4410 | D:5      | Killed Sigmund
  4410 | D:5      | Reached skill level 1 in Polearms
  4410 | D:5      | Reached skill level 1 in Hexes
  4532 | D:5      | Found Wobuvacona's Weapon Shop.
  4633 | D:5      | Found a runed translucent gate.
  4633 | D:5      | Found a runed translucent gate.
  4633 | D:5      | Found a runed translucent gate.
  4633 | D:5      | Noticed MollyMolluskus's ghost (novice OpFi)
  4883 | D:6      | Found Wegeomurph's Food Shop.
  4888 | D:6      | Reached skill level 6 in Summonings
  4888 | D:6      | Your scales start taking on a glossy black colour.
  4888 | D:6      | Reached XP level 7. HP: 31/57 MP: 2/12
  4888 | D:6      | Gained mutation: You are resistant to electric shocks.
                  | (rElec) [Black Draconian growth]
  5187 | D:6      | Found Anuuguce's Jewellery Boutique.
  5210 | D:6      | Learned a level 4 spell: Summon Ice Beast
  5226 | D:6      | Found Wonys's Magic Scroll Shop.
  5676 | D:6      | Reached XP level 8. HP: 66/66 MP: 13/13
  5919 | D:7      | Found a snail-covered altar of Cheibriados.
  5921 | D:7      | Found a sparkling altar of Nemelex Xobeh.
  5967 | D:7      | Found an ornate altar of the Wu Jian Council.
  6059 | D:7      | Noticed Prince Ribbit
  6064 | D:7      | Reached skill level 7 in Summonings
  6102 | D:7      | Killed Prince Ribbit
  6311 | D:7      | Found a stormy altar of Qazlal.
  6520 | D:7      | Reached skill level 1 in Ice Magic
  6930 | D:4      | Noticed Natasha
  6960 | D:4      | Killed Natasha
  7897 | D:7      | Reached XP level 9. HP: 72/72 MP: 8/15
  8015 | D:7      | Identified the Tome of Venomous Cold
  8032 | D:7      | Found a deep blue altar of Sif Muna.
  8616 | D:8      | Learned a level 4 spell: Summon Lightning Spire
  8683 | D:8      | Noticed a two-headed ogre
  8709 | D:8      | Killed a two-headed ogre
  8709 | D:8      | Reached skill level 5 in Fighting
  8709 | D:8      | Reached skill level 8 in Summonings
  8709 | D:8      | Reached skill level 1 in Air Magic
  9002 | D:8      | Found a staircase to the Lair.
  9008 | D:8      | Reached skill level 5 in Dodging
  9049 | D:8      | Found a hazy altar of Hepliaklqana.
  9059 | D:8      | Became a worshipper of Hepliaklqana the Forgotten
  9175 | D:8      | Noticed a two-headed ogre
  9195 | D:8      | Killed a two-headed ogre
  9195 | D:8      | Reached skill level 5 in Spellcasting
 10265 | D:8      | Reached XP level 10. HP: 6/72 MP: 2/17
 10592 | D:4      | Killed Eustachio
 10817 | D:4      | Found a staircase to the Ecumenical Temple.
 10825 | Temple   | Entered the Ecumenical Temple
 11240 | D:9      | Reached * piety under Hepliaklqana
 11562 | D:10     | Entered Level 10 of the Dungeon
 11882 | D:10     | Reached skill level 5 in Ice Magic
 11996 | D:10     | Reached skill level 9 in Summonings
 12564 | D:10     | You fall through a shaft!
 12809 | D:11     | Reached ** piety under Hepliaklqana
 12810 | D:11     | Remembered your ancestor Izel as a knight
 12813 | D:11     | Noticed a phantasmal warrior
 12825 | D:11     | Noticed a death knight
 12826 | D:11     | Killed from afar by a guardian golem

Skill      XL: |  1  2  3  4  5  6  7  8  9 10 |
---------------+-------------------------------+-----
Dodging        | 2 3 4 5 |  5.6
Fighting       | 1 2 3 4 5 |  5.9
Summonings     | 5 6 7 8 9 |  9.1
Spellcasting   | 3 4 5 |  5.4
Polearms       | 1 2 3 4 |  4.8
Hexes          | 1 2 3 |  3.3
Ice Magic      | 2 4 5 |  5.3
Air Magic      | 2 3 |  3.5
Stealth        | |  1.7
Invocations    | |  0.1

Action                   |  1- 3 |  4- 6 |  7- 9 | 10-12 || total
-------------------------+-------+-------+-------+-------++-------
Melee: Dagger            |    49 |       |       |       ||    49
       Unarmed           |     6 |       |       |       ||     6
       Tailslap          |    12 |    11 |    24 |     7 ||    54
       Hand axe          |    84 |       |       |       ||    84
       Spear             |    16 |   109 |       |       ||   125
       Halberd           |       |    89 |   381 |   106 ||   576
 Cast: Summon Small Mamm |     3 |       |     2 |       ||     5
       Call Canine Famil |     1 |    19 |    29 |       ||    49
       Call Imp          |       |    10 |    28 |       ||    38
       Summon Guardian G |       |       |    47 |     3 ||    50
       Summon Ice Beast  |       |       |    14 |    26 ||    40
       Summon Lightning  |       |       |       |     5 ||     5
Invok: Recall Ancestor   |       |       |       |     1 ||     1
       Ancestor Life: Kn |       |       |       |     1 ||     1
 Abil: Breathe Lightning |       |       |     5 |       ||     5
  Use: Scroll            |       |     2 |     6 |     5 ||    13
       Potion            |       |     1 |     2 |     1 ||     4
 Stab: Sleeping          |     3 |     5 |     1 |     1 ||    10
       Distracted        |       |     1 |     4 |       ||     5
  Eat: Chunk             |     5 |     7 |    18 |    10 ||    40
       Ration            |       |     1 |     3 |     1 ||     5
Armor: Skin              |    49 |    67 |   162 |    28 ||   306
Dodge: Dodged            |   111 |   127 |   335 |    86 ||   659
Block: Other             |       |    13 |    63 |     8 ||    84
       Reflection        |       |       |     2 |     1 ||     3
